[Event "42nd Olympiad Baku 2016 Women"]
[Site "Baku"]
[Date "2016.09.04"]
[Round "3.2"]
[White "Thornton, Filipina"]
[Black "Adhin, Anviti"]
[Result "1-0"]
[ECO "E43"]
[WhiteElo "1737"]
[BlackElo "1616"]
[Annotator ""]
[PlyCount "127"]
[EventDate "2016.??.??"]
[EventCountry "AZE"]
[SourceTitle "playchess.com"]
[Source "ChessBase"]
[WhiteTeam "Malta"]
[BlackTeam "Surinam"]
[WhiteTeamCountry "MLT"]
[BlackTeamCountry "SUR"]
[TimeControl "40/5400+30:1800+30"]

1. d4 {(00:00)} Nf6 {(00:00)} 2. c4 {(00:00)} e6 {(
00:00)} 3. Nc3 {(00:00)} Bb4 {(00:01)} 4. e3 {(00:08)} b6
{(01:27)} 5. Nf3 {(03:15)} Bb7 {(00:38)} 6. Bd3 {(
01:15)} O-O {(01:43)} 7. O-O {(00:04)} Bxc3 {(03:10)} 8.
bxc3 {(00:11)} d6 {(00:45)} 9. Re1 {(01:08)} Nbd7 {
(05:52)} 10. e4 {(02:21)} e5 {(02:01)} 11. Bg5 {(
08:29)} Re8 {(02:33)} 12. Qc2 {(05:48)} h6 {(01:52)} 13.
Bd2 {(02:40)} Re7 {(09:21)} 14. Nh4 {(01:33)} Re8 {
(08:36)} 15. Nf5 {(00:49)} Kh7 {(02:26)} 16. d5 {(
10:19)} Ng8 {(09:56)} 17. Re3 {(06:27)} Ne7 {(15:22)} 18.
Qd1 {(11:55)} Nxf5 {(05:24)} 19. exf5 {(00:10)} Nf6 {
(00:30)} 20. g4 {(01:32)} Kg8 {(07:04)} 21. Rh3 {(
01:18)} Kf8 {(03:18)} 22. g5 {(00:13)} hxg5 {(01:22)} 23.
Bxg5 {(00:15)} Ke7 {(02:14)} 24. Rh7 {(04:35)} Rg8 {
(01:55)} 25. Kh1 {(16:12)} Kd7 {(04:51)} 26. Bxf6 {
(06:06)} Qxf6 {(01:15)} 27. Qh5 {(03:12)} Rae8 {(
06:03)} 28. f3 {(00:59)} Kc8 {(01:07)} 29. Rg1 {(00:23)}
Ref8 {(01:23)} 30. Rg5 {(00:49)} g6 {(01:00)} 31. fxg6 {
(00:41)} fxg6 {(00:05)} 32. Qg4+ {(00:20)} Kb8 {(
00:28)} 33. Be4 {(01:33)} Bc8 {(00:30)} 34. Qg2 {(04:30)}
Ba6 {(01:43)} 35. Rh6 {(02:58)} Bxc4 {(00:43)} 36. Rhxg6 {
(00:24)} Rxg6 {(00:04)} 37. Rxg6 {(00:09)} Qf4 {(
00:47)} 38. a3 {(04:12)} Qc1+ {(00:33)} 39. Qg1 {(00:05)}
Qxa3 {(00:43)} 40. h4 {(00:00)} Qxc3 {(00:00)} 41. h5 {
(10:48)} a5 {(09:55)} 42. h6 {(00:36)} Ka7 {(14:30]
} 43. h7 {(11:54)} Rh8 {(00:11)} 44. Rg7 {(04:37)} Kb7 {
(02:17)} 45. Rxc7+ {(03:04)} Ka6 {(02:00)} 46. Qg7 {
(00:58)} Qe1+ {(02:06)} 47. Kh2 {(01:09)} Qf2+ {(
00:36)} 48. Kh3 {(01:47)} Bf1+ {(00:07)} 49. Kg4 {(00:03)}
Qg2+ {(02:21)} 50. Kf5 {(00:42)} Qxg7 {(01:03)} 51. Rxg7 {
(00:03)} a4 {(00:46)} 52. Ke6 {(00:17)} a3 {(00:02]
} 53. Rg8 {(00:22)} a2 {(00:25)} 54. Rxh8 {(00:07)} Kb7 {
(00:36)} 55. Rb8+ {(00:27)} Kxb8 {(00:49)} 56. h8=Q+ {
(00:05)} Kb7 {(00:42)} 57. Qg7+ {(00:53)} Ka6 {(00:
04)} 58. Qf8 {(00:21)} Ka5 {(00:19)} 59. Qa8+ {(00:11)}
Ba6 {(00:09)} 60. Bd3 {(00:15)} b5 {(00:26)} 61. Bxb5 Kxb5
{(01:48)} 62. Qc6+ {(00:37)} Ka5 {(00:18)} 63. Qc1 {
(00:22)} Bd3 {(00:05)} 64. Qa3+ 1-0

[Event "42nd Olympiad Baku 2016 Women"]
[Site "Baku"]
[Date "2016.09.04"]
[Round "3.27"]
[White "Thorsteinsdottir, Hallgerdur"]
[Black "Longson, Sarah N"]
[Result "1-0"]
[ECO "C50"]
[WhiteElo "2015"]
[BlackElo "2103"]
[Annotator ""]
[PlyCount "107"]
[EventDate "2016.??.??"]
[EventCountry "AZE"]
[SourceTitle "playchess.com"]
[Source "ChessBase"]
[WhiteTeam "Iceland"]
[BlackTeam "England"]
[WhiteTeamCountry "ISL"]
[BlackTeamCountry "ENG"]
[TimeControl "40/5400+30:1800+30"]

1. e4 {(00:00)} e5 {(00:00)} 2. Nf3 {(00:00)} Nc6 {
(00:00)} 3. Bc4 {(00:00)} Nf6 {(00:00)} 4. d3 {(00:
05)} Bc5 {(00:00)} 5. c3 {(00:16)} a6 {(00:00)} 6. Bb3 {
(00:20)} Ba7 {(00:11)} 7. Nbd2 {(00:41)} O-O {(00:
16)} 8. O-O {(01:08)} d6 {(00:10)} 9. h3 {(01:00)} Ne7 {
(06:34)} 10. Re1 {(00:36)} Ng6 {(01:01)} 11. Nf1 {(
02:07)} h6 {(02:10)} 12. Be3 {(06:23)} Bxe3 {(01:16)} 13.
fxe3 {(08:55)} d5 {(08:20)} 14. exd5 {(03:44)} Nxd5 {
(00:28)} 15. Ng3 {(03:07)} Be6 {(10:30)} 16. d4 {(
12:36)} exd4 {(06:13)} 17. Nxd4 {(07:43)} Qg5 {(14:36)}
18. Ne4 {(14:13)} Qe5 {(02:38)} 19. Nxe6 {(00:47)} fxe6 {
(00:08)} 20. Qd4 {(01:31)} b6 {(17:21)} 21. Rad1 {(
02:10)} Rad8 {(03:06)} 22. Rf1 {(07:58)} Rfe8 {(06:19)}
23. Rf3 {(04:58)} c5 {(07:09)} 24. Qxe5 {(03:47)} Nxe5 {
(00:05)} 25. Rg3 {(00:12)} c4 {(01:32)} 26. Ba4 {(
00:15)} Rf8 {(01:43)} 27. Rd4 {(01:21)} Ne7 {(01:38)} 28.
Nd6 {(03:50)} b5 {(02:56)} 29. Bc2 {(00:35)} Rd7 {(
00:31)} 30. a4 {(06:58)} N7c6 {(01:54)} 31. Ne4 {(03:25)}
Nxd4 {(00:16)} 32. exd4 {(00:02)} Nc6 {(00:55)} 33. Nc5 {
(00:22)} Re7 {(01:05)} 34. Be4 {(00:51)} Nd8 {(01:
14)} 35. a5 {(00:53)} Rf4 {(00:53)} 36. Bf3 {(00:58)} Ra7
{(00:53)} 37. Bg4 {(00:51)} Kf7 {(02:31)} 38. Bh5+ {
(01:35)} Kf8 {(01:09)} 39. Re3 {(00:08)} Re7 {(01:
05)} 40. Nxa6 {(00:00)} Nb7 {(00:00)} 41. Bg4 {(03:03)} e5
{(12:14)} 42. dxe5 {(00:57)} Nxa5 {(00:13)} 43. Nc5 {
(01:11)} Kg8 {(01:08)} 44. e6 {(06:14)} Rf8 {(02:
11)} 45. Nd7 {(03:13)} Rc8 {(07:08)} 46. Ne5 {(04:00)} Nc6
{(04:02)} 47. Ng6 {(01:21)} Ree8 {(02:25)} 48. e7 {
(00:50)} Rb8 {(03:55)} 49. Bd7 {(03:13)} Na5 {(00:
57)} 50. Bxe8 {(00:50)} Rxe8 {(00:02)} 51. Rf3 {(00:12)}
Kh7 {(00:59)} 52. Rf8 {(00:16)} Kxg6 {(00:12)} 53. Rxe8 {
(00:07)} Kf7 {(00:06)} 54. Ra8 {(00:12)} 1-0

[Event "42nd Olympiad Baku 2016 Women"]
[Site "Baku"]
[Date "2016.09.04"]
[Round "3.6"]
[White "Tokhirjonova, Gulrukhbegim"]
[Black "Gunina, Valentina"]
[Result "0-1"]
[ECO "C42"]
[WhiteElo "2289"]
[BlackElo "2520"]
[Annotator ""]
[PlyCount "98"]
[EventDate "2016.??.??"]
[EventCountry "AZE"]
[SourceTitle "playchess.com"]
[Source "ChessBase"]
[WhiteTeam "Uzbekistan"]
[BlackTeam "Russia"]
[WhiteTeamCountry "UZB"]
[BlackTeamCountry "RUS"]
[TimeControl "40/5400+30:1800+30"]

1. e4 {(00:00)} e5 {(00:00)} 2. Nf3 {(00:00)} Nf6 {
(00:01)} 3. Nxe5 {(03:26)} d6 {(00:42)} 4. Nf3 {(
00:07)} Nxe4 {(00:13)} 5. c4 {(01:26)} Be7 {(02:33)} 6. d4
{(07:53)} O-O {(03:22)} 7. Bd3 {(01:45)} d5 {(04:
56)} 8. Qc2 {(02:59)} Nc6 {(04:28)} 9. a3 {(07:25)} Bg4 {
(19:47)} 10. cxd5 {(28:24)} Bxf3 {(00:56)} 11. dxc6 {
(02:18)} Nxf2 {(01:50)} 12. Kxf2 {(03:48)} Bxc6 {(
00:15)} 13. Bxh7+ {(07:45)} Kh8 {(00:18)} 14. Rd1 {(00:26]
} Bd6 {(07:35)} 15. g3 {(03:21)} f5 {(03:43)} 16. Nc3 {
(13:20)} Kxh7 {(01:06)} 17. d5 {(00:16)} Be8 {(01:
32)} 18. Ne2 {(00:37)} Bh5 {(00:37)} 19. Rd4 {(05:01)}
Bxe2 {(08:09)} 20. Kxe2 {(03:22)} Qf6 {(02:29)} 21. Rh4+ {
(03:59)} Kg8 {(00:05)} 22. Kf1 {(00:10)} Rae8 {(01:
08)} 23. Bf4 {(00:24)} Re4 {(03:40)} 24. Rd1 {(01:13)}
Rfe8 {(05:22)} 25. Bxd6 {(01:47)} Rxh4 {(00:11)} 26. gxh4
{(01:10)} cxd6 {(00:05)} 27. Qf2 {(00:12)} Re4 {(
01:00)} 28. Re1 {(00:39)} Rxh4 {(00:16)} 29. Re8+ {(00:22]
} Kf7 {(02:49)} 30. Rb8 {(00:05)} Qg5 {(00:35)} 31. Rxb7+
{(00:08)} Kg6 {(00:58)} 32. Rb4 {(00:09)} Qc1+ {(
00:56)} 33. Kg2 {(00:09)} Rxb4 {(05:37)} 34. axb4 {(00:01]
} a6 {(00:44)} 35. Qd4 {(00:32)} Qc2+ {(01:02)} 36. Kg3 {
(00:14)} Qe2 {(00:07)} 37. Kh3 {(02:16)} Qf3+ {(02:
02)} 38. Kh4 {(00:11)} Kh6 {(00:22)} 39. Qg1 {(00:59)}
Qh5+ {(00:16)} 40. Kg3 {(00:00)} Qg4+ {(00:00)} 41. Kf2 {
(00:24)} Qxg1+ {(00:18)} 42. Kxg1 {(00:14)} Kg5 {(
00:04)} 43. Kg2 {(03:08)} Kf4 {(00:16)} 44. Kf2 {(00:27)}
Ke4 {(00:10)} 45. Ke2 {(02:16)} Kxd5 {(00:19)} 46. Kd3 {
(00:01)} g5 {(00:15)} 47. h3 {(01:03)} f4 {(00:06)}
48. b3 {(01:24)} Ke5 {(00:09] Kd4+} 49. Ke2 {(01:54)} Ke4
{(00:30)} 0-1

[Event "42nd Olympiad Baku 2016 Women"]
[Site "Baku"]
[Date "2016.09.04"]
[Round "3.13"]
[White "Tsolakidou, Stavroula"]
[Black "Shvayger, Yuliya"]
[Result "1-0"]
[ECO "E04"]
[WhiteElo "2355"]
[BlackElo "2408"]
[Annotator ""]
[PlyCount "45"]
[EventDate "2016.??.??"]
[EventCountry "AZE"]
[SourceTitle "playchess.com"]
[Source "ChessBase"]
[WhiteTeam "Greece"]
[BlackTeam "Israel"]
[WhiteTeamCountry "GRE"]
[BlackTeamCountry "ISR"]
[TimeControl "40/5400+30:1800+30"]

1. d4 {(00:00)} Nf6 {(00:00)} 2. c4 {(00:00)} e6 {(
00:22)} 3. g3 {(00:00)} d5 {(00:08)} 4. Bg2 {(00:00)} dxc4
{(00:38)} 5. Nf3 {(00:08)} a6 {(00:47)} 6. O-O {(
00:14)} Nc6 {(00:30)} 7. e3 {(00:19)} Rb8 {(00:53)} 8.
Nfd2 {(00:16)} e5 {(01:08)} 9. Bxc6+ {(00:27)} bxc6 {
(00:02)} 10. dxe5 {(00:09)} Ng4 {(00:07)} 11. Nxc4 {
(00:17)} Be6 {(00:10)} 12. Nbd2 {(01:47)} Rb4 {(05:
42)} 13. b3 {(08:06)} h5 {(00:32)} 14. Ba3 {(30:51)} h4 {
(28:25)} 15. Nf3 {(11:58)} Qxd1 {(18:17)} 16. Rfxd1 {
(02:40)} hxg3 {(03:54)} 17. hxg3 {(17:42)} Bd5 {(
04:36)} 18. Ncd2 {(03:57)} Nxe5 {(00:39)} 19. Kg2 {(02:23]
} Nxf3 {(10:18)} 20. Nxf3 {(00:05)} Re4 {(01:19)} 21. Bxf8
{(00:42)} Kxf8 {(00:13)} 22. Ng5 {(08:03)} Rh2+ {(
06:24)} 23. Kxh2 {(01:01)} 1-0

[Event "42nd Olympiad Baku 2016 Women"]
[Site "Baku"]
[Date "2016.09.04"]
[Round "3.4"]
[White "Tuzi, Bruna"]
[Black "Saumy, Zainab"]
[Result "1/2-1/2"]
[ECO "B22"]
[WhiteElo "1807"]
[BlackElo "1688"]
[Annotator ""]
[PlyCount "77"]
[EventDate "2016.??.??"]
[EventCountry "AZE"]
[SourceTitle "playchess.com"]
[Source "ChessBase"]
[WhiteTeam "Albania"]
[BlackTeam "Sri Lanka"]
[WhiteTeamCountry "ALB"]
[BlackTeamCountry "SRI"]
[TimeControl "40/5400+30:1800+30"]

1. e4 {(00:00)} c5 {(00:00)} 2. c3 {(00:00)} d5 {(
00:41)} 3. exd5 {(00:00)} Nf6 {(00:25)} 4. d4 {(02:46)}
cxd4 {(01:44)} 5. Qxd4 {(01:21)} g6 {(00:54)} 6. Nf3 {
(07:16)} Bg7 {(00:20)} 7. Bb5+ {(02:14)} Nbd7 {(00:
57)} 8. Ne5 {(03:20)} O-O {(00:34)} 9. Nxd7 {(05:11)} Nxd7
{(00:37)} 10. Qd1 {(06:05)} Nb6 {(00:38)} 11. d6 {(
01:38)} exd6 {(01:00)} 12. O-O {(00:24)} a6 {(00:45)} 13.
Be2 {(01:31)} Be6 {(00:41)} 14. Na3 {(00:51)} Rc8 {
(00:29)} 15. Be3 {(01:11)} Nd5 {(01:38)} 16. Bd4 {(
02:16)} Bh6 {(01:26)} 17. Bf3 {(04:22)} Qg5 {(03:45)} 18.
Nc2 {(11:34)} b5 {(09:24)} 19. g3 {(10:37)} Bh3 {(
15:09)} 20. Re1 {(01:19)} Rfe8 {(00:43)} 21. Ba7 {(03:53)}
Rxe1+ {(11:40)} 22. Nxe1 {(02:09)} Qe7 {(03:38)} 23. Qxd5
{(03:10)} Qxa7 {(00:04)} 24. Nd3 {(05:58)} Qc7 {(
02:27)} 25. a4 {(02:52)} Be6 {(01:20)} 26. Qb7 {(01:20)}
Qc4 {(00:58)} 27. Nb4 {(00:26)} bxa4 {(04:58)} 28. Bd5 {
(04:13)} Qb5 {(02:23)} 29. Bc6 {(02:10)} Qxb7 {(02:
24)} 30. Bxb7 {(00:02)} Rb8 {(00:04)} 31. Bxa6 {(00:11)}
Bb3 {(00:01)} 32. Bd3 {(00:56)} Bf8 {(01:16)} 33. Nc6 {
(00:20)} Rb6 {(00:51)} 34. Nd4 {(00:24)} Be6 {(00:
56)} 35. Bb5 {(03:29)} Bb3 {(01:42)} 36. c4 {(04:06)} d5 {
(02:31)} 37. Nxb3 {(01:06)} axb3 {(00:03)} 38. Ra7 {
(00:10)} Bc5 {(00:51)} 39. Ra6 {(03:29)} 1/2-1/2

[Event "42nd Olympiad Baku 2016 Women"]
[Site "Baku"]
[Date "2016.09.04"]
[Round "3.3"]
[White "Ubaldo Suarez, Maria Gisela"]
[Black "Berezovska Svetlana"]
[Result "1-0"]
[ECO "E11"]
[WhiteElo "2062"]
[BlackElo "1794"]
[Annotator ""]
[PlyCount "45"]
[EventDate "2016.??.??"]
[EventCountry "AZE"]
[SourceTitle "playchess.com"]
[Source "ChessBase"]
[WhiteTeam "Venezuela"]
[BlackTeam "Monaco"]
[WhiteTeamCountry "VEN"]
[BlackTeamCountry "MNC"]
[TimeControl "40/5400+30:1800+30"]

1. d4 {(00:00)} Nf6 {(00:00)} 2. c4 {(00:00)} e6 {(
00:00)} 3. Nf3 {(00:00)} Bb4+ {(00:32)} 4. Nbd2 {(02:12)}
O-O {(02:36)} 5. a3 {(00:13)} Bxd2+ {(00:41)} 6. Bxd2 {
(01:35)} d5 {(00:50)} 7. Qc2 {(04:47)} Ne4 {(02:51]
} 8. Bf4 {(00:15)} c6 {(07:51)} 9. e3 {(02:54)} Nd7 {
(05:25)} 10. Bd3 {(00:13)} Ndf6 {(00:36)} 11. Ne5 {
(02:34)} h6 {(24:42)} 12. g4 {(03:46)} g5 {(12:51)}
13. Bg3 {(00:33)} Nxg3 {(01:50)} 14. hxg3 {(00:48)} Kg7 {
(00:20)} 15. c5 {(07:25)} Nd7 {(06:30)} 16. f4 {(
02:58)} Nxe5 {(03:40)} 17. fxe5 {(00:30)} a5 {(03:40)} 18.
Rxh6 {(04:24)} Rh8 {(01:40)} 19. Rxh8 {(02:03)} Qxh8 {
(00:33)} 20. O-O-O {(00:08)} Qh3 {(04:54)} 21. Qf2 {
(00:25)} Qxg4 {(00:53)} 22. Qf6+ {(00:15)} Kf8 {(
00:44)} 23. Rh1 {(00:13)} 1-0

[Event "42nd Olympiad Baku 2016 Women"]
[Site "Baku"]
[Date "2016.09.04"]
[Round "3.24"]
[White "Ui Laighleis, Gearoidin"]
[Black "Toubal, Hayat"]
[Result "1/2-1/2"]
[ECO "D04"]
[WhiteElo "1795"]
[BlackElo "1921"]
[Annotator ""]
[PlyCount "93"]
[EventDate "2016.??.??"]
[EventCountry "AZE"]
[SourceTitle "playchess.com"]
[Source "ChessBase"]
[WhiteTeam "Ireland"]
[BlackTeam "Algeria"]
[WhiteTeamCountry "IRL"]
[BlackTeamCountry "ALG"]
[TimeControl "40/5400+30:1800+30"]

1. d4 {(00:00)} d5 {(00:00)} 2. Nf3 {(00:00)} Nf6 {
(00:05)} 3. e3 {(00:00)} Bf5 {(01:28)} 4. Be2 {(01:
30)} e6 {(00:24)} 5. O-O {(00:10)} Nbd7 {(02:26)} 6. c4 {
(03:27)} dxc4 {(00:52)} 7. Bxc4 {(00:33)} c6 {(00:
27)} 8. a3 {(02:17)} a5 {(02:19)} 9. Nc3 {(05:25)} Bd6 {
(13:50)} 10. Qb3 {(06:49)} Qb6 {(03:04)} 11. Qxb6 {
(07:37)} Nxb6 {(00:06)} 12. Be2 {(00:12)} h6 {(06:
23)} 13. h3 {(07:07)} O-O {(04:48)} 14. Ne5 {(05:17)} Rfd8
{(05:13)} 15. f4 {(09:38)} Ne4 {(03:44)} 16. Nxe4 {
(05:50)} Bxe4 {(01:12)} 17. Bd2 {(04:57)} c5 {(08:
29)} 18. Nc4 {(07:19)} Nxc4 {(01:54)} 19. Bxc4 {(00:20)}
cxd4 {(01:47)} 20. exd4 {(00:53)} Bxa3 {(19:14)} 21. Rxa3
{(10:22)} Rxd4 {(00:15)} 22. Rxa5 {(01:39)} Rxa5 {(
00:32)} 23. Bxa5 {(00:06)} Rxc4 {(00:05)} 24. Bc3 {(00:22]
} b5 {(01:24)} 25. Be5 {(04:37)} f6 {(01:14)} 26. Bd6 {
(00:51)} Rd4 {(13:22)} 27. Bc5 {(03:17)} Rd2 {(01:
03)} 28. Rf2 {(01:09)} Rxf2 {(00:05)} 29. Kxf2 {(00:06)}
h5 {(03:35)} 30. g3 {(00:20)} g5 {(02:39)} 31. h4 {
(01:58)} gxf4 {(00:25)} 32. gxf4 {(00:10)} Kf7 {(
00:26)} 33. Kg3 {(00:11)} e5 {(01:33)} 34. fxe5 {(01:21)}
fxe5 {(00:04)} 35. Bf2 {(00:41)} Kf6 {(00:17)} 36. Be1 {
(00:23)} Kf5 {(00:15)} 37. b4 {(01:09)} Bh1 {(00:
39)} 38. Kf2 {(01:37)} Ke4 {(00:45)} 39. Ke2 {(01:44)}
Bf3+ {(00:39)} 40. Kf2 {(00:00)} Bg4 {(00:00)} 41. Bd2 {
(01:43)} Kd4 {(06:36)} 42. Be3+ {(00:38)} Kc3 {(00:
34)} 43. Bc5 {(00:08)} e4 {(00:21)} 44. Ke3 {(00:24)} Bf3
{(00:08)} 45. Be7 {(00:11)} Kc2 {(02:32)} 46. Bc5 {
(00:08)} Kc3 {(00:19)} 47. Be7 {(00:07)} 1/2-1/2

[Event "42nd Olympiad Baku 2016 Women"]
[Site "Baku"]
[Date "2016.09.04"]
[Round "3.4"]
[White "Ushenina, Anna"]
[Black "Nemcova, Katerina"]
[Result "1-0"]
[ECO "D37"]
[WhiteElo "2457"]
[BlackElo "2365"]
[Annotator ""]
[PlyCount "89"]
[EventDate "2016.??.??"]
[EventCountry "AZE"]
[SourceTitle "playchess.com"]
[Source "ChessBase"]
[WhiteTeam "Ukraine"]
[BlackTeam "United States"]
[WhiteTeamCountry "UKR"]
[BlackTeamCountry "USA"]
[TimeControl "40/5400+30:1800+30"]

1. d4 {(00:00)} Nf6 {(00:00)} 2. c4 {(00:00)} e6 {(
00:00)} 3. Nf3 {(00:00)} d5 {(00:00)} 4. Nc3 {(00:11)}
dxc4 {(00:10)} 5. e4 {(00:24)} Bb4 {(00:16)} 6. Bxc4 {
(00:29)} Nxe4 {(00:29)} 7. O-O {(00:09)} Nxc3 {(00:
20)} 8. bxc3 {(00:01)} Be7 {(00:25)} 9. Ne5 {(00:36)} O-O
{(01:06)} 10. Qg4 {(04:07)} Nc6 {(01:33)} 11. Re1 {
(01:34)} f5 {(04:02)} 12. Qf3 {(02:14)} Nxe5 {(02:
05)} 13. Rxe5 {(00:06)} Kh8 {(00:38)} 14. Bf4 {(03:02)}
Bd6 {(36:03)} 15. Re3 {(03:10)} c6 {(10:23)} 16. Rae1 {
(05:20)} Bxf4 {(05:37)} 17. Qxf4 {(00:01)} Rf7 {(
01:51)} 18. h4 {(17:05)} h6 {(05:02)} 19. h5 {(15:11)} Qc7
{(07:26)} 20. Qxc7 {(14:30)} Rxc7 {(00:04)} 21. Bxe6 {
(00:07)} f4 {(01:10)} 22. Re4 {(00:12)} Bxe6 {(00:
58)} 23. Rxe6 {(00:03)} Rf7 {(04:28)} 24. Kh2 {(03:56)}
Rd8 {(05:13)} 25. Re8+ {(06:48)} Rxe8 {(00:25)} 26. Rxe8+
{(00:02)} Kh7 {(00:14)} 27. Re5 {(00:11)} g6 {(04:
33)} 28. Kh3 {(08:13)} g5 {(01:55)} 29. Kg4 {(00:24)} Kg7
{(00:19)} 30. Re6 {(01:07)} a6 {(02:24)} 31. a3 {(
06:55)} Kh7 {(02:55)} 32. Kf3 {(00:38)} Kg7 {(01:01)} 33.
Ke4 {(00:15)} Rd7 {(01:45)} 34. c4 {(01:24)} Rc7 {(
00:22)} 35. Ke5 {(00:58)} b5 {(01:37)} 36. c5 {(01:21)} a5
{(00:12)} 37. Kd6 {(00:38)} Ra7 {(00:36)} 38. Re2 {
(02:51)} b4 {(00:33)} 39. axb4 {(00:10)} axb4 {(00:
04)} 40. Kxc6 {(00:00)} b3 {(00:00)} 41. Rb2 {(04:14)} Ra2
{(02:06)} 42. Rxb3 {(00:34)} Rxf2 {(00:34)} 43. g4 {
(00:59)} Rd2 {(03:48)} 44. d5 {(00:40)} Kf6 {(00:
37)} 45. Kd6 {(01:03)} 1-0

[Event "42nd Olympiad Baku 2016 Women"]
[Site "Baku"]
[Date "2016.09.04"]
[Round "3.13"]
[White "Vargas, Gabriela"]
[Black "Li, Ruofan"]
[Result "1/2-1/2"]
[ECO "A48"]
[WhiteElo "2050"]
[BlackElo "2353"]
[Annotator ""]
[PlyCount "94"]
[EventDate "2016.??.??"]
[EventCountry "AZE"]
[SourceTitle "playchess.com"]
[Source "ChessBase"]
[WhiteTeam "Paraguay"]
[BlackTeam "Singapore"]
[WhiteTeamCountry "PAR"]
[BlackTeamCountry "SIN"]
[TimeControl "40/5400+30:1800+30"]

1. d4 {(00:00)} Nf6 {(00:00)} 2. Nf3 {(00:02)} g6 {
(00:26)} 3. e3 {(02:43)} Bg7 {(02:08)} 4. Bd3 {(00:
14)} d5 {(01:29)} 5. Nbd2 {(01:01)} O-O {(00:31)} 6. O-O {
(01:19)} c5 {(03:20)} 7. c3 {(07:26)} b6 {(03:50)}
8. Ne5 {(04:59)} Bb7 {(10:04)} 9. f4 {(08:59)} Nfd7 {
(00:23)} 10. Qe2 {(14:57)} Nc6 {(07:57)} 11. Ndf3 {
(05:32)} Ndxe5 {(10:03)} 12. Nxe5 {(01:37)} Nxe5 {(
01:50)} 13. fxe5 {(03:48)} f6 {(02:06)} 14. exf6 {(13:30)}
exf6 {(00:26)} 15. Qf3 {(04:33)} f5 {(01:06)} 16. Bd2 {
(00:57)} Qd7 {(01:57)} 17. Be1 {(02:08)} a5 {(12:
59)} 18. Rd1 {(02:09)} f4 {(13:04)} 19. dxc5 {(05:15)}
fxe3 {(06:46)} 20. Qxe3 {(00:31)} Rae8 {(00:36)} 21. Rxf8+
{(04:14)} Bxf8 {(00:05)} 22. Qg3 {(00:15)} bxc5 {(
01:24)} 23. Bf2 {(01:46)} Qd6 {(04:29)} 24. Qxd6 {(00:58)}
Bxd6 {(00:01)} 25. Bb5 {(00:41)} Re4 {(03:58)} 26. Re1 {
(01:46)} Kf7 {(03:36)} 27. Rxe4 {(00:43)} dxe4 {(
00:01)} 28. Bc4+ {(00:06)} Kf6 {(00:07)} 29. Be3 {(00:25)}
g5 {(04:34)} 30. g3 {(00:39)} h6 {(00:04)} 31. Kf2 {
(00:09)} Bc8 {(00:23)} 32. Bd5 {(03:30)} Ke5 {(01:
58)} 33. Bc6 {(00:58)} Ba6 {(02:32)} 34. h4 {(01:38)} Be7
{(01:08)} 35. hxg5 {(00:29)} hxg5 {(00:02)} 36. Bd2 {
(02:20)} Bc4 {(01:25)} 37. a3 {(02:46)} Bb3 {(00:
34)} 38. Ke2 {(00:54)} Bc4+ {(00:40)} 39. Kf2 {(00:11)}
Be6 {(00:22)} 40. Be3 {(00:00)} Bg4 {(00:00)} 41. b4 {
(06:46)} cxb4 {(01:14)} 42. axb4 {(00:12)} axb4 {(
00:01)} 43. cxb4 {(00:07)} Bxb4 {(00:08)} 44. Bxg5 {(00:
05)} Bc5+ {(00:13)} 45. Be3 {(00:06)} Bd4 {(01:09)} 46.
Bxd4+ {(00:21)} Kxd4 {(00:01)} 47. Bxe4 {(00:07)} Kxe4 {
(00:04)} 1/2-1/2

[Event "42nd Olympiad Baku 2016 Women"]
[Site "Baku"]
[Date "2016.09.04"]
[Round "3.9"]
[White "Vazquez Maccarini, Danitza"]
[Black "Zhou, Qiyu"]
[Result "1/2-1/2"]
[ECO "C77"]
[WhiteElo "2142"]
[BlackElo "2367"]
[Annotator ""]
[PlyCount "86"]
[EventDate "2016.??.??"]
[EventCountry "AZE"]
[SourceTitle "playchess.com"]
[Source "ChessBase"]
[WhiteTeam "Puerto Rico"]
[BlackTeam "Canada"]
[WhiteTeamCountry "PUR"]
[BlackTeamCountry "CAN"]
[TimeControl "40/5400+30:1800+30"]

1. e4 {(00:00)} e5 {(00:00)} 2. Nf3 {(00:00)} Nc6 {
(00:00)} 3. Bb5 {(00:19)} a6 {(00:00)} 4. Ba4 {(00:
36)} Nf6 {(00:00)} 5. d3 {(00:09)} b5 {(00:00)} 6. Bb3 {
(00:06)} Be7 {(00:07)} 7. O-O {(00:41)} d6 {(00:48]
} 8. c3 {(00:08)} O-O {(00:06)} 9. h3 {(00:06)} Na5 {
(00:25)} 10. Bc2 {(00:16)} c5 {(00:06)} 11. Re1 {(
00:52)} Nc6 {(03:58)} 12. Nbd2 {(00:57)} Re8 {(00:18)} 13.
Nf1 {(01:26)} h6 {(00:21)} 14. Ng3 {(05:51)} Be6 {(
00:52)} 15. a4 {(04:35)} Rc8 {(01:06)} 16. Nh2 {(13:07)}
d5 {(03:25)} 17. exd5 {(02:09)} Qxd5 {(08:19)} 18. Ne4 {
(03:22)} b4 {(06:52)} 19. Qf3 {(05:18)} Qd8 {(09:
25)} 20. Be3 {(06:04)} b3 {(07:36)} 21. Bd1 {(02:52)} Nxe4
{(09:06)} 22. dxe4 {(01:00)} Na5 {(03:53)} 23. Be2 {
(02:08)} Nc4 {(02:58)} 24. Bxc4 {(01:28)} Bxc4 {(
00:06)} 25. Ng4 {(00:20)} Bd6 {(20:41)} 26. Rad1 {(15:23)}
Re6 {(03:42)} 27. Bxh6 {(05:52)} gxh6 {(06:19)} 28. Ne3 {
(00:11)} Rf6 {(02:15)} 29. Qg4+ {(00:04)} Rg6 {(00:
33)} 30. Rxd6 {(00:11)} Rxg4 {(00:44)} 31. Rxd8+ {(00:10)}
Rxd8 {(00:03)} 32. hxg4 {(00:20)} Be6 {(00:47)} 33. Kf1 {
(07:37)} a5 {(05:27)} 34. f3 {(16:46)} Rd2 {(01:34]
} 35. Re2 {(00:40)} Rd3 {(00:32)} 36. Nd5 {(02:29)} Bxd5 {
(00:56)} 37. exd5 {(00:03)} Rxd5 {(00:18)} 38. Ke1 {
(00:24)} c4 {(01:31)} 39. Re4 {(01:49)} Rc5 {(00:
08)} 40. Re2 {(00:00)} Kf8 {(00:00)} 41. Rd2 {(03:58)} Ke7
{(06:37)} 42. Ke2 {(00:22)} Ke6 {(14:05)} 43. Ke3 {
(01:02)} Rd5 {(03:34)} 1/2-1/2